 Dungeon Crawl Stone Soup version 0.16-a0-309-g112360f (webtiles) character file.

298 Qrupt the Poker (level 6, 0/66 HPs)
             Began as a Naga Gladiator on Aug 31, 2014.
             Succumbed to Eustachio's poison
             ... on Level 3 of the Dungeon.
             The game lasted 00:08:49 (2358 turns).

Qrupt the Poker (Naga Gladiator)                    Turns: 2358, Time: 00:08:50

HP   0/66        AC  5     Str 24      XL: 6   Next: 35%
MP   6/6         EV  8     Int 17      God:
Gold 134         SH  0     Dex 10 (12) Spells:  0 memorised,  5 levels left

rFire  . . .     SeeInvis +     a - +0 trident
rCold  . . .     Clarity  .     n - +0 ring mail
rNeg   . . .     rCorr    .     (no shield)
rPois  +         rRot     .     c - +0 helmet
rElec  .         Spirit   .     (no cloak)
SustAb .         Warding  .     (no gloves)
rMut   .         Stasis   .     (no barding)
Gourm  +                        p - amulet of the gourmand
MR     .....                    (no ring)
                                (no ring)

@: mighty, brilliant, lethally poisoned, very slow, not resistant to hostile
enchantments, extremely unstealthy
A: spit poison, claws 1, stinger 1, see invisible, clever 2, deformed body,
deterioration 1, poison resistance, robust 1, slowness 2, AC +2
a: Spit Poison


You were on level 3 of the Dungeon.
You were not hungry.

You visited 1 branch of the dungeon, and saw 4 of its levels.

You collected 134 gold pieces.

Inventory:

Hand weapons
 a - a +0 trident (weapon)
Armour
 c - a +0 helmet (worn)
 n - a +0 ring mail (worn)
Comestibles
 f - 2 bread rations
 j - a meat ration
Scrolls
 g - 4 scrolls of identify
 i - a scroll of fear
 r - a scroll of enchant armour {unknown}
 s - 2 scrolls of remove curse {unknown}
 t - a scroll of fog {unknown}
Jewellery
 p - an amulet of the gourmand (around neck)


   Skills:
 + Level 4.8 Fighting
 + Level 5.2 Polearms
 - Level 1.7 Throwing
 - Level 2.4 Dodging


You had 5 spell levels left.
You didn't know any spells.

Dungeon Overview and Level Annotations

Branches:
Dungeon (4/15)
 Temple: D:4-7

Altars:
Yredelemnul


Innate Abilities, Weirdness & Mutations

You cannot wear boots.
You can spit poison.
Your serpentine skin is tough (AC +2).
You have supernaturally acute eyesight.
Armour fits poorly on your strangely shaped body.
Your system is resistant to poisons.
You cover ground very slowly.
You have sharp fingernails.
Your tail ends in a poisonous barb.
Your mind is very acute. (Int +4)
Your body is slowly deteriorating.
You are robust (+10% HP).


Message History

You feel sick.
* * * LOW HITPOINT WARNING * * *
You feel sick.
* * * LOW HITPOINT WARNING * * *
You feel sick.
Drink which item? (? for menu, Esc to quit)
Magic courses through your body.
* * * LOW HITPOINT WARNING * * *
You feel sick.
Read which item? (? for menu, Esc to quit)
As you read the scroll labeled SKOGIU SOGIY, it crumbles to dust.
The air around you briefly surges with heat, but it dissipates.
It was a scroll of immolation.
* * * LOW HITPOINT WARNING * * *
You feel sick.
Read which item? (? for menu, Esc to quit)
As you read the scroll labeled SIECZU LUFA, it crumbles to dust.
You assume a fearsome visage.
Nothing appears to happen.
It was a scroll of fear.
You die...

......)...............#
#########......##+#####
######.##.# #..#.#
##.#.# #...# ##..#
######### #..#
#.......# #@.#
#.#####.# #..#
#.#####.# #..#
#.#.....#######..###
#.#.##..##...##.>..#
#.#.#...#....##)...#
##.#.#...#....##....#
......####....'.....#
.##.).........#..)..#


There were no monsters in sight!

Vanquished Creatures
  Eustachio (D:3)
  A giant frog (D:3)
  Terence (D:2)
  3 adders (D:3)
  A worm (D:2)
  2 giant geckos
  2 orcs (D:3)
  4 giant cockroaches
  7 goblins
  5 hobgoblins
  8 bats
  2 giant newts
  8 kobolds
  A quokka (D:3)
  6 rats
52 creatures vanquished.

Notes
Turn   | Place    | Note
--------------------------------------------------------------
     0 | D:1      | Qrupt, the Naga Gladiator, began the quest for the Orb.
     0 | D:1      | Reached XP level 1. HP: 19/19 MP: 1/1
   404 | D:1      | Reached XP level 2. HP: 27/27 MP: 2/2
   917 | D:2      | Reached XP level 3. HP: 33/33 MP: 3/3
   945 | D:2      | Noticed Terence
   960 | D:2      | Killed Terence
  1668 | D:3      | Reached skill level 4 in Polearms
  1668 | D:3      | Reached XP level 4. HP: 38/42 MP: 4/4
  1692 | D:3      | Found a basalt altar of Yredelemnul.
  1989 | D:3      | Noticed a giant frog
  2005 | D:3      | Killed a giant frog
  2005 | D:3      | Reached XP level 5. HP: 46/50 MP: 5/5
  2232 | D:4      | Noticed Eustachio
  2324 | D:4      | Gained mutation: Your mind is acute. (Int +2) [potion of mutation]
  2324 | D:4      | Gained mutation: Your body is slowly deteriorating. [potion of mutation]
  2344 | D:3      | Killed Eustachio
  2344 | D:3      | Reached skill level 5 in Polearms
  2344 | D:3      | Reached XP level 6. HP: 14/60 MP: 6/6
  2348 | D:3      | Gained mutation: You are robust (+10% HP). [potion of mutation]
  2348 | D:3      | Gained mutation: Your mind is very acute. (Int +4) [potion of mutation]
  2348 | D:3      | Gained mutation: Your tail ends in a poisonous barb. [potion of mutation]
  2349 | D:3      | Gained mutation: You have sharp fingernails. [potion of mutation]
  2352 | D:3      | HP: 3/66 [poisoned by Eustachio]
  2356 | D:3      | HP: 1/66 [poisoned by Eustachio]
  2358 | D:3      | Succumbed to Eustachio's poison

Action                   |  1- 3 |  4- 6 || total
-------------------------+-------+-------++-------
Melee: Trident           |   115 |    75 ||   190
Throw: Throwing net      |     3 |     4 ||     7
 Abil: Spit Poison       |       |     1 ||     1
  Use: Potion            |       |    11 ||    11
       Scroll            |       |     3 ||     3
  Eat: Chunk             |     2 |     5 ||     7
